 Dungeon Crawl Stone Soup version 0.28.0 (webtiles) character file.

Game seed: 9547945982597343035

733 lonewolfV2 the Chopper (level 7, -6/61 HPs)
             Began as a Hill Orc Fighter on Feb 10, 2022.
             Mangled by an orc warrior (14 damage)
             ... on level 5 of the Dungeon.
             The game lasted 00:06:24 (6080 turns).

lonewolfV2 the Chopper (Hill Orc Fighter)           Turns: 6080, Time: 00:06:24

Health: -6/61      AC:  7    Str: 27    XL:     7   Next: 74%
Magic:  7/7        EV: 10    Int:  8    God:
Gold:   211        SH:  5    Dex: 10    Spells: 6/6 levels left

rFire   . . .      SeeInvis .   i - +3 falchion (vorpal)
rCold   . . .      Faith    .   c - +1 buckler
rNeg    . . .      Spirit   .   b - +0 scale mail
rPois   .          Reflect  .   (no helmet)
rElec   .          Harm     .   (no cloak)
rCorr   .          Rampage  .   (no gloves)
Will    .....                   (no boots)
Stlth   ..........              (no amulet)
HPRegen 0.20/turn               e - +6 ring of strength
MPRegen 0.10/turn               (no ring)

@: no status effects
A: no striking features
a: no special abilities


You were on level 5 of the Dungeon.
You visited 1 branch of the dungeon, and saw 5 of its levels.

You collected 211 gold pieces.

Inventory:

Hand Weapons
 a - a +0 war axe
 i - a +3 vorpal falchion (weapon)
Armour
 b - a +0 scale mail (worn)
 c - a +1 buckler (worn)
Jewellery
 e - a +6 ring of strength (left hand)
Wands
 k - a wand of flame (29)
 l - a wand of polymorph (11)
Scrolls
 h - 2 scrolls of identify
 j - a scroll of magic mapping
Potions
 d - 2 potions of attraction


   Skills:
 + Level 5.5 Fighting
 + Level 2.4 Long Blades
 + Level 6.3 Axes
 + Level 5.8 Armour
 + Level 1.4 Dodging
 + Level 0.1 Stealth
 + Level 4.2 Shields


You had 6 spell levels left.
You didn't know any spells.
Your spell library was empty.

Dungeon Overview and Level Annotations

Branches:
Dungeon (5/15)             Temple (0/1) D:4

Altars:

Shops:
D:2 (


Message History

You block the orc warrior's attack.
As you read the scroll of fear, it crumbles to dust.
You assume a fearsome visage.
The hound looks frightened!
The orc warrior looks frightened!
The orc looks frightened! x2
The adder looks frightened!
You feel very sick.
Cornered, the hound turns to fight!
You feel very sick.
The orc mutters, "Damn and blast!"
Cornered, the adder turns to fight!
You feel very sick. The hound bites you but does no damage.
The hound bites you.
* * * LOW HITPOINT WARNING * * *
You feel sick.
You feel sick.
Cornered, the orc warrior turns to fight!
The hound closely misses you.
You feel sick. The hound bites you but does no damage.
You feel sick. You block the hound's attack.
You slash the hound!
You kill the hound!
You feel sick. The adder closely misses you. The adder barely misses you.
You feel sick. The adder misses you.
You see here a hound corpse.
You hit the adder.
The adder is lightly wounded.
You feel sick.
You are no longer poisoned.
The adder bites you but does no damage.
The orc warrior hits you with a +0 mace!
* * * LOW HITPOINT WARNING * * *
The adder barely misses you.
It was a potion of curing.
You feel better. The adder barely misses you.
The orc warrior hits you with a +0 mace.
* * * LOW HITPOINT WARNING * * *
You barely miss the adder.
The adder is lightly wounded.
The adder misses you.
The orc warrior hits you with a +0 mace!
You die...

###### .....#
.....#################
.....................
.....##)...........#####
.....##.................
.....##.............#
.....##.........@...#
#######.........So..#
###########.#.#
#........# #o##.....#
#.#.#.# #o......
###.#..... # #.######


You could see an orc warrior and an adder.

Vanquished Creatures
  Grinder (D:3)
  2 ogres (D:4)
  A hound (D:5)
  An iguana (D:4)
  2 orc wizards (D:3)
  A hound zombie (D:5)
  Robin (D:3)
  4 adders
  10 gnolls
  An adder skeleton (D:4)
  A worm (D:4)
  5 dart slugs
  4 orcs
  7 endoplasms
  12 giant cockroaches
  17 goblins
  8 hobgoblins
  3 jackals (D:2)
  5 quokkas (D:1)
  7 ball pythons
  3 bats
  4 frilled lizards
  5 kobolds
  7 rats
112 creatures vanquished.

Vanquished Creatures (others)
  An orc (D:3)
1 creature vanquished.

Grand Total: 113 creatures vanquished

Notes
Turn   | Place    | Note
-------+----------+-------------------------------------------
     0 | D:1      | lonewolfV2 the Hill Orc Fighter began the quest for the
                  | Orb.
     0 | D:1      | Reached XP level 1. HP: 19/19 MP: 1/1
    34 | D:1      | Reached XP level 2. HP: 24/27 MP: 2/2
   270 | D:1      | Reached skill level 3 in Axes
   454 | D:1      | Reached XP level 3. HP: 33/33 MP: 3/3
   526 | D:1      | Found a faded altar of an unknown god.
  1161 | D:2      | Found Gopeid's Weapon Emporium.
  1319 | D:2      | Reached XP level 4. HP: 39/41 MP: 4/4
  1333 | D:2      | Reached skill level 4 in Axes
  2033 | D:3      | Reached XP level 5. HP: 45/47 MP: 5/5
  2052 | D:3      | Noticed Robin
  2066 | D:3      | Killed Robin
  2592 | D:3      | Noticed Grinder
  2614 | D:3      | Killed Grinder
  2615 | D:3      | Reached skill level 5 in Fighting
  2615 | D:3      | Reached skill level 5 in Axes
  2615 | D:3      | Reached skill level 1 in Dodging
  2615 | D:3      | Reached XP level 6. HP: 30/56 MP: 6/6
  2839 | D:3      | Reached skill level 6 in Axes
  3097 | D:3      | Reached skill level 1 in Long Blades
  3308 | D:4      | Reached XP level 7. HP: 25/61 MP: 7/7
  3765 | D:4      | Reached skill level 5 in Armour
  5321 | D:4      | Found a staircase to the Ecumenical Temple.
  5950 | D:5      | Entered Level 5 of the Dungeon
  6078 | D:5      | HP: 2/61 [orc warrior (9)]
  6080 | D:5      | Mangled by an orc warrior

Illustrated notes

Levels and vault maps discovered:
D:1:      amcnicky_arrival_underground_garden, layout_rooms,
          hellmonk_ecumenical_altar_pennies_from_heaven
D:2:      layout_rooms, serial_shops, shop
D:3:      layout_loops_ring, st_stairs_13, uniq_grinder, uniq_robin
D:4:      layout_basic, minmay_temple_entry_poolview
D:5:      layout_basic

Skill      XL: |  1  2  3  4  5  6  7 |
---------------+----------------------+-----
Fighting       | 4 5 |  5.5
Axes           | 3 4 5 6 |  6.3
Armour         | 4 5 |  5.8
Dodging        | 1 |  1.4
Long Blades    | 1 2 |  2.4
Shields        | 4 |  4.2
Stealth        | |  0.1

Action                   |  1- 3 |  4- 6 |  7- 9 || total
-------------------------+-------+-------+-------++-------
Melee: War axe           |   103 |    69 |       ||   172
       Falchion          |       |    51 |   110 ||   161
  Use: Scroll            |       |     4 |     6 ||    10
       Potion            |       |     1 |     3 ||     4
Armor: Scale mail        |    76 |    62 |    39 ||   177
Dodge: Dodged            |    65 |    65 |    80 ||   210
Block: Buckler           |    29 |    35 |    33 ||    97
